 Dungeon Crawl Stone Soup version 0.21.0-3-g78d12a8 (webtiles) character file.

405 Gorice the Skirmisher (level 6, -8/52 HPs)
             Began as a Demonspawn Wanderer on Jan 13, 2018.
             Was a Priest of Uskayaw.
             Mangled by a gnoll
             ... wielding a +0 halberd
              (15 damage)
             ... on level 4 of the Dungeon.
             The game lasted 00:10:23 (3071 turns).

Gorice the Skirmisher (Demonspawn Wanderer)         Turns: 3071, Time: 00:10:23

Health: -8/52      AC: 10    Str: 14    XL:     6   Next: 56%
Magic:  6/6        EV: 13    Int: 14    God:    Uskayaw [***...]
Gold:   120        SH:  0    Dex: 12    Spells: 5/5 levels left

rFire    . . .     SeeInvis .   a - +2 falchion
rCold    . . .     Gourm    .   (no shield)
rNeg     . . .     Faith    .   r - +0 chain mail
rPois    .         Spirit   .   (no helmet)
rElec    .         Reflect  .   (no cloak)
rCorr    .         Harm     .   t - +0 pair of gloves
MR       .....                  (no boots)
Stlth    ..........             (no amulet)
HPRegen  2.17/turn              E - +6 ring of evasion
MPRegen  0.10/turn              (no ring)

@: no status effects
A: powered by death 2, rot immunity, sturdy frame 1
a: Stomp, Line Pass, Renounce Religion


You were on level 4 of the Dungeon.
You worshipped Uskayaw.
Uskayaw was noncommittal.
You were not hungry.

You visited 2 branches of the dungeon, and saw 5 of its levels.

You collected 120 gold pieces.

Inventory:

Hand Weapons
 a - a +2 falchion (weapon)
 e - a +0 dagger
 l - a +0 quarterstaff
 B - a +0 blowgun
Missiles
 n - 20 poisoned needles
 q - 4 needles of sleeping
 Y - 65 stones (quivered)
Armour
 d - a +1 robe
 k - a +0 ring mail
 r - a +0 chain mail (worn)
 s - a +0 scale mail
 t - a +0 pair of gloves (worn)
Jewellery
 E - a +6 ring of evasion (left hand)
Scrolls
 i - a scroll of remove curse
 o - a scroll of fear {!r}
Potions
 c - 2 potions of curing
 g - a potion of berserk rage {unknown}
 h - 3 potions of agility {!q}
 j - 2 potions of haste {!q}
 m - a potion of degeneration {unknown}
 p - a potion of heal wounds {unknown}
Comestibles
 b - 2 chunks of flesh
 f - 4 rations


   Skills:
 - Level 6.0 Fighting
 * Level 5.5 Long Blades
 + Level 2.5 Armour
 - Level 2.6 Stealth


You had 5 spell levels left.
You didn't know any spells.

Dungeon Overview and Level Annotations

Branches:
Dungeon (4/15)             Temple (1/1) D:4

Altars:
Ashenzari
Cheibriados
Dithmenos
Fedhas
Gozag
Hepliaklqana
Kikubaaqudgha
Nemelex Xobeh
Okawaru
Qazlal
Ru
Sif Muna
Uskayaw
Wu Jian
Yredelemnul
Zin
The Shining One


Innate Abilities, Weirdness & Mutations

You regenerate health from kills.
You are immune to rotting.
Your movements are slightly less encumbered by armour. (ER -2)


Message History

* * * LOW HITPOINT WARNING * * *
You slash the hound skeleton!
The hound skeleton is heavily damaged.
The hound skeleton closely misses you. The gnoll barely misses you.
The hound skeleton bites you but does no damage.
You can now pass through a line of other dancers.
You hit the hound skeleton.
The hound skeleton is heavily damaged.
The hound skeleton closely misses you. The gnoll closely misses you.
You slash the hound skeleton!
The hound skeleton is almost destroyed.
The hound skeleton bites you.
* * * LOW HITPOINT WARNING * * *
Damage: 1 (max 11)
You hit the hound skeleton.
The hound skeleton is almost destroyed.
The hound skeleton misses you.
You riposte.
You slash the hound skeleton!
You destroy the hound skeleton!
The gnoll hits you with a spear.
* * * LOW HITPOINT WARNING * * *
The gnoll hits you from afar with a halberd.
* * * LOW HITPOINT WARNING * * *
Damage: 10 (max 11)
You hit the gnoll.
The gnoll is lightly wounded.
The gnoll hits you but does no damage. The gnoll misses you.
You barely miss the gnoll.
The gnoll is lightly wounded.
The gnoll hits you but does no damage.
The gnoll hits you from afar with a halberd.
* * * LOW HITPOINT WARNING * * *
Damage: 5 (max 11)
You hit the gnoll.
The gnoll is moderately wounded.
The gnoll closely misses you.
You riposte.
You hit the gnoll.
The gnoll is heavily wounded.
You closely miss the gnoll.
The gnoll is heavily wounded.
The gnoll hits you but does no damage. The gnoll closely misses you.
You riposte.
You slash the gnoll!
You kill the gnoll!
Uskayaw will force your foes to helplessly watch your dance.
The gnoll hits you with a halberd!
* * * LOW HITPOINT WARNING * * *
You see here a spear.
Damage: 6 (max 11)
You hit the gnoll.
The gnoll is lightly wounded.
The gnoll hits you with a halberd!
You die...

# #.### #..#.### #.#.#).
#....[. #.# #....#. ..#
#...#.# # #.# #..#.#.
#.###.######.# ##...#.>
......)g@....###
#...#.#.
#.###.####.....#
##...#.#
....###.....####....#.
###......รท.............
#.####.....####...###
#.....# ###....
.......### #####
########


You could see a gnoll.

Vanquished Creatures
  A bullfrog (D:3)
  A scorpion (D:4)
  Jessica (D:2)
  Natasha (D:4)
  2 orc wizards
  A worker ant (D:3)
  A hound skeleton (D:4)
  3 adders
  4 gnolls
  An ooze (D:2)
  4 dart slugs
  2 leopard geckos
  10 orcs
  3 giant cockroaches
  4 goblins
  4 hobgoblins
  2 jackals (D:3)
  6 quokkas (D:2)
  5 bats
  A frilled lizard (D:2)
  9 kobolds
  4 rats
70 creatures vanquished.

Notes
Turn   | Place    | Note
-------+----------+-------------------------------------------
     0 | D:1      | Gorice the Demonspawn Wanderer began the quest for the Orb.
     0 | D:1      | Gorice set off with: a +2 falchion, a +0 quarterstaff, a potion of curing, a +0 robe, a +0 dagger, a ration
     0 | D:1      | Reached XP level 1. HP: 22/22 MP: 1/1
   338 | D:1      | Reached skill level 2 in Long Blades
   338 | D:1      | Gained mutation: You regenerate a little health from kills. [demonic ancestry]
   338 | D:1      | Reached XP level 2. HP: 28/28 MP: 2/2
   544 | D:2      | Found a glowing golden altar of the Shining One.
   554 | D:2      | Noticed a dagger
   554 | D:2      | Noticed a hand axe
   557 | D:2      | Found a hide-covered altar of Uskayaw.
   591 | D:2      | Became a worshipper of Uskayaw the Reveler
   614 | D:2      | Reached * piety under Uskayaw
   641 | D:2      | Reached ** piety under Uskayaw
   807 | D:2      | Gained mutation: You regenerate health from kills. [demonic ancestry]
   807 | D:2      | Reached XP level 3. HP: 31/34 MP: 3/3
   888 | D:2      | Reached skill level 3 in Long Blades
   907 | D:2      | Noticed Jessica
   910 | D:2      | Killed Jessica
   910 | D:2      | Gained mutation: You are immune to rotting. [demonic ancestry]
   910 | D:2      | Reached XP level 4. HP: 36/40 MP: 4/4
  1294 | D:3      | Noticed a bullfrog
  1301 | D:3      | Killed a bullfrog
  1301 | D:3      | Reached skill level 4 in Long Blades
  1301 | D:3      | Reached skill level 1 in Armour
  1301 | D:3      | Reached XP level 5. HP: 44/46 MP: 5/5
  1301 | D:3      | Reached *** piety under Uskayaw
  1344 | D:3      | Found a blossoming altar of Fedhas.
  2582 | D:4      | Found a staircase to the Ecumenical Temple.
  2602 | D:3      | Reached skill level 5 in Long Blades
  2602 | D:3      | Reached skill level 2 in Armour
  2721 | D:4      | Gained mutation: Your movements are slightly less encumbered by armour. (ER -2) [demonic ancestry]
  2721 | D:4      | Reached XP level 6. HP: 52/52 MP: 6/6
  2765 | Temple   | Entered the Ecumenical Temple
  3026 | D:4      | Noticed Natasha
  3032 | D:4      | Killed Natasha
  3067 | D:4      | HP: 11/52 [gnoll/halberd (6)]
  3070 | D:4      | HP: 5/52 [gnoll/halberd (8)]
  3071 | D:4      | Mangled by a gnoll

Skill      XL: |  1  2  3  4  5 |
---------------+----------------+-----
Long Blades    | 2 3 4 5 |  5.5
Armour         | 1 2 |  2.5
Fighting       | |  6.0
Stealth        | |  2.6

Action                   |  1- 3 |  4- 6 || total
-------------------------+-------+-------++-------
Melee: Falchion          |    65 |   160 ||   225
  Use: Scroll            |     4 |     5 ||     9
 Stab: Sleeping          |     2 |       ||     2
       Distracted        |       |     1 ||     1
       Paralysed         |       |     2 ||     2
  Eat: Chunk             |       |     7 ||     7
Armor: Robe              |     2 |       ||     2
       Ring mail         |    19 |    24 ||    43
       Scale mail        |       |    16 ||    16
       Chain mail        |       |    10 ||    10
Dodge: Dodged            |    35 |    88 ||   123
       Rpst.: Falchion   |    21 |    29 ||    50

Table legend:
 A = Turns spent in this place as a percentage of turns spent in the entire game.
 B = Non-inter-level travel turns spent in this place as a percentage of non-inter-level travel turns spent in the entire game.
 C = Inter-level travel turns spent in this place as a percentage of turns spent in this place.
 D = Turns resting spent in this place as a percentage of non-inter-level travel turns spent in this place.
 E = Turns spent auto-exploring this place as a percentage of non-inter-level travel turns spent in this place.
 F = Non-inter-level travel turns spent in this place divided by the number of levels of this place that you've seen.
                   A       B       C       D       E      F
               +-------+-------+-------+-------+-------+----------------------
         Total | 100.0 | 100.0 |   1.9 |   9.7 |  62.5 | 602.4
       Dungeon |  92.5 |  92.5 |   1.9 |  10.4 |  59.5 | 696.8
        Temple |   7.5 |   7.5 |   1.7 |   0.0 |  99.1 | 225.0
               +-------+-------+-------+-------+-------+----------------------

Vault maps used:
D:1:      dpeg_arrival_stonehenge_12_columns
D:2:      wad_woods_tower, overflow_temple_1_default, dancing_weapons_uskayaw,
          first_ration, uniq_jessica
D:3:      marbit_many_paths, minmay_cut_off
D:4:      black_bear_nest_2, nicolae_overflow_crystal_walls,
          minmay_temple_entry_grid, uniq_edmund, uniq_grinder, uniq_natasha
Temple:   minmay_temple_curvy_branch
